AoeStats
← ASPROS

Arena

510655517Analyzed
1v1 RM · 16h ago on Oct 2, 2026· 56m 52s· 2 players
Game mode
Random Map
Map size
Tiny (2 player)
Population
200
Speed
Normal
Resources
Standard
Victory
Conquest
Starting age
Dark Age
Ending age
Imperial Age
RankedLock teamsTeams togetherTeam positionsShared explorationLock speedFull tech treeHidden civsTurbo modeCheats
Victory
Defeat
🇦🇷 Persians · Argentina
978
+18
🇵🇪 Persians · Peru
1012
-18
Minombre_Apellido
10:37 Feudal Age
14:16 Castle Age
13:28 Double-Bit Axe
13:29 Horse Collar
15:56 Bow Saw
20:36 Husbandry
26:01 Wheelbarrow
25:16 Town Watch
25:20 Loom
29:20 Imperial Age
27:37 Hand Cart
29:05 Scale Barding Armor
29:11 Forging
29:47 Pikeman
30:28 Squires
31:59 Two-Man Saw
32:00 Heavy Plow
32:26 Conscription
33:05 Town Patrol
33:28 Thumb Ring
32:46 Crossbowman
33:32 Kamandaran
35:19 Chain Barding Armor
35:35 Iron Casting
34:51 Fletching
36:33 Citadels
35:49 Elite War Elephant
37:08 Ballistics
37:49 Chemistry
36:53 Padded Archer Armor
38:13 Bodkin Arrow
38:34 Leather Archer Armor
39:19 Blast Furnace
38:55 Plate Barding Armor
38:52 Devotion
39:35 Bloodlines
40:01 Ring Archer Armor
39:31 Scale Mail Armor
40:43 Masonry
40:27 Light Cavalry
42:25 Hussar
46:11 Halberdier
47:09 Chain Mail Armor
51:18 Arson
51:19 Gambesons
52:06 Plate Mail Armor
53:44 Hoardings
57:32 Architecture
ASPROS
11:57 Feudal Age
15:49 Castle Age
14:09 Double-Bit Axe
15:35 Horse Collar
24:52 Gold Mining
25:15 Bow Saw
25:07 Heavy Plow
25:57 Wheelbarrow
27:09 Forging
30:37 Iron Casting
29:52 Fletching
29:25 Light Cavalry
33:07 Imperial Age
31:56 Scale Barding Armor
32:31 Gold Shaft Mining
32:27 Hand Cart
33:05 Town Watch
33:22 Kamandaran
33:34 Bodkin Arrow
34:52 Two-Man Saw
34:25 Crop Rotation
34:30 Ballistics
33:35 Pikeman
35:27 Chain Barding Armor
35:21 Bloodlines
35:11 Husbandry
36:31 Chemistry
36:08 Masonry
35:36 Halberdier
35:40 Crossbowman
36:06 Onager
37:13 Husbandry
36:34 Cavalier
37:15 Arson
37:30 Squires
39:36 Blast Furnace
39:12 Plate Barding Armor
39:10 Capped Ram
39:56 Scale Mail Armor
40:17 Thumb Ring
40:45 Hussar
41:27 Stone Mining
43:14 Town Patrol
42:59 Loom
43:06 Savar
45:16 Chain Mail Armor
44:36 Heavy Scorpion
45:19 Siege Ram
46:43 Heavy Camel Rider
47:37 Elite Skirmisher
50:21 Plate Mail Armor
49:51 Padded Archer Armor
Connection lost

Rejoining the realm…

Still unreachable

The connection could not be restored.

Session expired

The server has moved on; the page needs a fresh start.